Map: Crête de Lerilak

Players

bayoo

  • Race: Zerg Zerg
  • League: Silver
  • Spawn Location: 7:00

zidar - Winner!

  • Race: Zerg Zerg
  • League: Silver
  • Spawn Location: 5:00

VOD

Have the link to the VOD?

Description

Time

  • Played on: Nov. 27, 2015, 12:55 p.m.
  • Length: 8:25
Show
View Real Time Build Order
Export as new Build Order

bayoo Zerg 

Build Orders: Pool First 

Get SALT Encoding   

  12  0:09  Overlord  
  12  0:20  Drone  
  13  0:22  Drone  
  14  0:47  Spawning Pool  
  14  0:49  Drone x3  
  16  1:00  Extractor  
  16  1:02  Drone  
  16  1:13  Overlord  
  16  1:39  Extractor  
  15  1:51  Queen  
  17  1:59  Zergling x6  
  20  2:17  Drone  
  21  2:26  Queen  
  23  2:33  Hatchery  
  23  2:37  Drone  
  23  2:39  Zergling x2  
  21  3:08  Zergling x10  
  21  3:09  Zergling x2  
  21  3:11  Metabolic Boost  
  27  3:36  Drone x2  
  29  3:51  Zergling x4  
  31  4:01  Extractor  
  30  4:12  Drone x4  
  30  4:13  Drone x2  
  27  4:47  Roach Warren  
  26  5:00  Overlord x3  
  26  5:09  Lair  
  30  5:28  Roach x3  
  30  5:29  Roach x7  
  30  5:30  Roach x2  
  50  5:59  Zergling x2  
  50  6:00  Zergling x14  
  50  6:01  Zergling x2  
  59  6:07  Overlord  
  59  6:23  Hatchery  
  58  6:29  Overseer  
  58  6:37  Overseer  
  58  6:50  Zergling x4  
  58  6:51  Zergling x14  
  67  7:18  Overlord x3  
  50  7:42  Zergling x12  
  31  8:04  Roach x4  
  31  8:05  Roach  
Show
View Real Time Build Order
Export as new Build Order

zidar Zerg - Winner!

Build Orders: Hatch First 

Get SALT Encoding   

  12  0:03  Drone  
  13  0:12  Overlord  
  13  0:17  Drone  
  14  0:30  Drone  
  14  0:32  Drone  
  16  0:37  Drone  
  17  0:57  Hatchery  
  16  0:58  Drone  
  16  1:02  Extractor  
  16  1:04  Drone  
  17  1:15  Drone  
  18  1:22  Spawning Pool  
  17  1:32  Drone  
  17  1:34  Drone  
  19  1:44  Overlord  
  19  2:08  Drone  
  19  2:09  Queen  
  19  2:11  Queen  
  24  2:23  Zergling x4  
  24  2:24  Zergling x4  
  24  2:29  Metabolic Boost  
  28  2:39  Baneling Nest  
  22  3:10  Zergling x12  
  22  3:12  Queen  
  30  3:24  Zergling x8  
  34  3:29  Baneling  
  34  3:31  Baneling  
  34  3:32  Baneling  
  34  3:33  Baneling  
  34  3:52  Roach Warren  
  33  3:57  Drone x2  
  33  3:58  Overlord  
  35  4:09  Drone  
  36  4:16  Drone x5  
  41  4:21  Extractor, Drone  
  41  4:25  Drone  
  41  4:31  Overlord  
  40  4:42  Baneling  
  40  4:43  Baneling  
  40  4:45  Baneling  
  39  5:14  Evolution Chamber  
  39  5:16  Drone x2  
  39  5:17  Drone  
  39  5:18  Drone  
  39  5:20  Roach x5  
  52  5:49  Overlord x2  
  52  5:50  Overlord  
  52  5:51  Overlord  
  52  5:56  Zerg Missile Weapons Level 1  
  52  6:08  Roach  
  52  6:09  Roach x8  
  70  6:26  Roach  
  70  6:27  Roach x5  
  82  6:51  Roach  
  82  6:52  Overlord  
  82  6:53  Overlord x2  
  82  6:54  Overlord  
  84  7:11  Drone x4  
  84  7:14  Drone  
  89  7:15  Hatchery  
  65  7:46  Roach x8  
  65  7:47  Roach x2  
Tags
 
Add a new tag
Caveats
  • Supply blocks, unpowered buildings, or Contaminate may cause inaccurate times.
  • Supply counts are checked every 10 seconds.